 Dungeon Crawl Stone Soup version 0.31-a0-1074-g0b22e4e0f1 (webtiles) character file.

Game seed: 10099100332863390427

7 horus123 the Magician (level 1, 0/10 HPs)
             Began as a Deep Elf Hedge Wizard on Dec 1, 2023.
             Slain by a worm (8 damage)
             ... on level 2 of the Dungeon.
             The game lasted 00:00:35 (222 turns).

horus123 the Magician (Deep Elf Hedge Wizard)        Turns: 222, Time: 00:00:36

Health: 0/10       AC:  2    Str:  7    XL:     1   Next: 83%
Magic:  0/8        EV: 12    Int: 18    God:
Gold:   0          SH:  0    Dex: 14    Spells: 9/10 levels left

rFire   . . .        a - +0 dagger
rCold   . . .        (no shield)
rNeg    . . .        b - +0 robe
rPois   .            c - +0 hat
rElec   .            (no cloak)
rCorr   .            (no gloves)
SInv    .            (no boots)
Will    .....        (no amulet)
Stlth   ++           (no ring)
HPRegen 0.21/turn    (no ring)
MPRegen 0.11/turn

%: no passive effects
@: no status effects
A: no striking features
a: no special abilities


You were on level 2 of the Dungeon.
You visited 1 branch of the dungeon, and saw 2 of its levels.

Inventory:

Hand Weapons
 a - a +0 dagger (weapon)
Armour
 b - a +0 robe (worn)
 c - a +0 hat (worn)
Scrolls
 e - a scroll of poison {unknown}
 f - a scroll of teleportation {unknown}
Potions
 d - a potion of magic


   Skills:
 - Level 2.4 Dodging
 - Level 2.4 Stealth
 - Level 5.0 Spellcasting
 + Level 1.2 Conjurations
 - Level 1.1 Summonings
 - Level 1.1 Translocations


You had 9 spell levels left.
You knew the following spells:

 Your Spells              Type           Power      Damage    Failure   Level
a - Magic Dart            Conj           32%        1d4       9%          1

Your spell library contained the following spells:

 Spells                   Type           Power      Damage    Failure   Level
 Slow                     Hex            16%        N/A       13%         1
 Blink                    Tloc           16%        N/A       13%         2
 Call Imp                 Summ           16%        N/A       13%         2
 Cigotuvi's Dreadful Rot  Necr/Pois/Air  8%         N/A       21%         2
 Mephitic Cloud           Conj/Pois/Air  5%         N/A       34%         3
 Ignite Poison            Fire/Tmut/Pois 4%         N/A       36%         3
 Freezing Cloud           Conj/Ice/Air   2%         6-21      97%         5


Dungeon Overview and Level Annotations

Branches:
Dungeon (1/15)

Altars:


Message History

Aim: an endoplasm (almost dead, 100% to hit)
The magic dart hits the endoplasm.
You kill the endoplasm!
The bat hits you but does no damage.
Your Spellcasting skill increases to level 5!
Aiming: Magic Dart (safe; 9% risk of failure)
Press: ? - help, Q - select action Shift-Dir - straight line, f - bat
Aim: a bat (100% to hit)
You miscast Magic Dart.
You are very lightly contaminated with residual magic.
Nothing appears to happen.
The bat barely misses you. The bat hits you but does no damage.
Found 13 gold pieces.
The bat attacks as it pursues you! The bat hits you but does no damage.
The bat barely misses you. The bat hits you but does no damage.
The bat attacks as it pursues you! The bat hits you.
The bat hits you but does no damage. x2
There are no items here.
The magic dart hits the bat.
The bat is severely wounded.
The bat hits you.
Your magical contamination has completely faded away.
The bat closely misses you.
You miss the bat.
The bat is severely wounded.
The bat closely misses you. The bat hits you but does no damage. x2
You barely miss the bat.
The bat is severely wounded.
The bat misses you.
You closely miss the bat.
The bat is severely wounded.
The bat misses you. The bat hits you but does no damage. The bat hits you.
The magic dart hits the bat.
You kill the bat!
The worm bites you!
Ouch! That really hurt!
You die...

. #.# #.#
#.# #.#
#.# #.#
#.# #w#
#@# #.#
#.# #.#
#.# ...
.....
..$....
.......##


You could see a worm.

Vanquished Creatures
  An endoplasm (D:2)
  2 hobgoblins
  2 bats (D:2)
  A frilled lizard (D:1)
  A rat (D:1)
7 creatures vanquished.

Notes
Turn   | Place    | Note
-------+----------+-------------------------------------------
     0 | D:1      | horus123 the Deep Elf Hedge Wizard began the quest for the
                  | Orb.
     0 | D:1      | Reached XP level 1. HP: 10/10 MP: 7/7
   187 | D:1      | You fall into a shaft and drop 1 floor!
   208 | D:2      | Reached skill level 5 in Spellcasting
   222 | D:2      | Slain by a worm

Illustrated notes

Levels and vault maps discovered:
D:1:      amcnicky_arrival_blooded_trapdoor, layout_basic, chequers_avenue,
          minmay_crystal_water
D:2:      layout_loops_ring, basic_altar

Skill      XL: |  1 |
---------------+----+-----
Spellcasting   | 5 |  5.0
Dodging        | |  2.4
Stealth        | |  2.4
Conjurations   | |  1.2
Summonings     | |  1.1
Translocations | |  1.1

Action                     || total
---------------------------++-------
  Melee: Dagger            ||     3
   Cast: Magic Dart        ||    15
 Armour: Robe              ||    14
  Dodge: Dodged            ||    14

Table legend: (Time is in decaauts)
 A = Elapsed time spent in this place.
 B = Non-inter-level travel time spent in this place.
 C = Inter-level travel time spent in this place.
 D = Time resting spent in this place.
 E = Time spent auto-exploring this place.
 F = Levels seen in this place.
 G = Mean time per level.
                   A        B        C        D        E       F      G
               +--------+--------+--------+--------+--------+-----+--------+
         Total |    221 |    221 |      0 |      0 |    176 |   2 |  110.5 |
       Dungeon |    221 |    221 |      0 |      0 |    176 |   2 |  110.5 |
               +--------+--------+--------+--------+--------+-----+--------+

Top non-repeatable levels by time:
     D:1: 187 daAuts
     D:2: 34 daAuts
